AoeStats
← alexdace1982

Arabia

510462781Analyzed
4v4 RM · 9h ago on Oct 1, 2026· 93m 43s· 8 players
Game mode
Random Map
Map size
Large (8 player)
Population
200
Speed
Normal
Resources
Standard
Victory
Conquest
Starting age
Dark Age
Ending age
Imperial Age
RankedLock teamsTeams togetherTeam positionsShared explorationLock speedFull tech treeHidden civsTurbo modeCheats
Victory
Defeat
🇺🇸 Varangians · United States
917
+18
🇸🇬 Huns · Singapore
849
+20
🇵🇪 Wu · Peru
849
+20
🇺🇸 Tatars · United States
799
+22
🇲🇽 Bulgarians · Mexico
1048
-24
🇲🇽 Varangians · Mexico
1009
-22
🇲🇽 Khmer · Mexico
882
-18
🇲🇽 Byzantines · Mexico
846
-42
Soldaris
2:10 Loom
9:30 Feudal Age
10:06 Double-Bit Axe
10:59 Wheelbarrow
12:22 Horse Collar
14:15 Gold Mining
14:34 Stone Mining
19:13 Castle Age
20:05 Bow Saw
19:57 Heavy Plow
24:10 Fletching
26:00 Hand Cart
26:12 Murder Holes
29:07 Bodkin Arrow
29:59 Pikeman
30:40 Squires
30:51 Scale Mail Armor
33:10 Gold Shaft Mining
32:56 Caravan
34:01 Scale Barding Armor
34:07 Forging
35:14 Chain Barding Armor
40:33 Imperial Age
37:50 Town Watch
38:42 Iron Casting
39:34 Marauders
39:52 Chain Mail Armor
40:27 Ballistics
41:36 Conscription
40:39 Elite Tarkan
41:21 Bracer
42:23 Chemistry
42:03 Plate Barding Armor
42:28 Blast Furnace
42:31 Two-Man Saw
42:15 Bloodlines
42:06 Husbandry
41:40 Halberdier
42:28 Padded Archer Armor
65:45 Parthian Tactics
Rat Meat Pizza
1:00 Loom
13:19 Feudal Age
13:54 Double-Bit Axe
13:53 Horse Collar
14:50 Wheelbarrow
17:47 Gold Mining
20:37 Bloodlines
25:01 Castle Age
27:03 Hand Cart
26:53 Husbandry
28:10 Bow Saw
28:03 Heavy Plow
30:22 Gold Shaft Mining
29:38 Stone Mining
38:12 Silk Armor
38:51 Scale Barding Armor
38:47 Scale Mail Armor
38:57 Forging
40:50 Chain Barding Armor
41:06 Iron Casting
41:49 Ballistics
44:02 Imperial Age
41:41 Fletching
41:51 Padded Archer Armor
45:06 Conscription
44:27 Heavy Cavalry Archer
44:29 Elite Steppe Lancer
47:30 Leather Archer Armor
48:34 Bodkin Arrow
50:37 Caravan
57:14 Elite Keshik
59:38 Chemistry
62:09 Ring Archer Armor
61:39 Bracer
62:40 Blast Furnace
65:29 Plate Barding Armor
69:21 Heavy Camel Rider
73:41 Elite Keshik
77:08 Timurid Siegecraft
78:45 Murder Holes
Campain3r
0:27 Loom
11:18 Feudal Age
11:54 Man-at-Arms
16:07 Town Watch
16:45 Double-Bit Axe
17:49 Horse Collar
22:14 Castle Age
21:47 Scale Barding Armor
21:53 Forging
22:28 Fletching
24:36 Wheelbarrow
25:01 Bloodlines
24:53 Husbandry
26:02 Hand Cart
27:50 Heavy Plow
28:02 Bow Saw
28:11 Husbandry
28:57 Bodkin Arrow
37:52 Iron Casting
39:12 Chain Barding Armor
72:37 Scale Mail Armor
74:42 Squires
75:38 Arson
77:43 Chain Mail Armor
89:55 Caravan
leonedu
8:00 Loom
10:35 Feudal Age
15:33 Castle Age
14:20 Stone Mining
15:02 Double-Bit Axe
17:20 Bow Saw
18:24 Fletching
23:31 Bodkin Arrow
27:02 Padded Archer Armor
28:31 Wheelbarrow
29:56 Hand Cart
31:24 Ballistics
30:44 Pikeman
32:36 Leather Archer Armor
33:06 Squires
33:08 Scale Mail Armor
33:19 Forging
37:38 Redemption
37:50 Sanctity
37:43 Fervor
40:08 Imperial Age
40:21 Caravan
40:30 Town Watch
41:12 Conscription
40:16 Elite Fire Archer
44:34 Sitting Tiger
45:49 Onager
49:11 Masonry
50:03 Chemistry
49:16 Masonry
48:48 Treadmill Crane
49:12 Town Patrol
53:01 Bracer
53:37 Iron Casting
53:17 Chain Mail Armor
53:08 Scale Barding Armor
53:36 Architecture
53:06 Murder Holes
60:34 Husbandry
60:02 Light Cavalry
62:10 Heavy Hei Guang Cavalry
63:35 Bloodlines
70:33 Arson
70:35 Halberdier
74:59 Plate Mail Armor
74:51 Chain Barding Armor
75:42 Blast Furnace
Knight_Romero83
4:46 Loom
9:48 Feudal Age
13:35 Arson
20:28 Double-Bit Axe
20:26 Horse Collar
23:06 Castle Age
21:22 Scale Mail Armor
21:33 Forging
25:07 Wheelbarrow
25:10 Iron Casting
26:44 Scale Barding Armor
26:54 Chain Mail Armor
28:00 Hand Cart
27:58 Husbandry
31:18 Bloodlines
34:30 Heavy Plow
35:10 Gold Mining
35:10 Stone Mining
36:50 Gold Shaft Mining
38:48 Imperial Age
37:10 Chain Barding Armor
37:11 Stirrups
40:13 Plate Barding Armor
40:38 Blast Furnace
39:04 Elite Konnik
40:53 Conscription
44:24 Plate Mail Armor
47:00 Stone Shaft Mining
46:55 Bagains
51:10 Pikeman
51:50 Squires
51:36 Gambesons
53:37 Bow Saw
52:53 Halberdier
69:48 Light Cavalry
73:26 Thumb Ring
74:23 Elite Skirmisher
EivorTovar
1:48 Loom
4:27 Loom
11:19 Feudal Age
12:18 Double-Bit Axe
20:03 Castle Age
20:45 Pikeman
21:53 Bow Saw
21:08 Elite Skirmisher
22:02 Bloodlines
21:58 Horse Collar
22:44 Light Cavalry
26:43 Heavy Plow
26:41 Gold Mining
30:37 Gold Shaft Mining
30:37 Forging
33:13 Imperial Age
33:06 Murder Holes
34:11 Stone Mining
33:59 Halberdier
35:52 Crop Rotation
37:50 Heavy Scorpion
41:28 Ballistics
44:07 Hussar
53:19 Caravan
73:31 Stone Shaft Mining
85:06 Double Crossbow
alexdace1982
3:18 Loom
13:35 Feudal Age
32:11 Castle Age
32:49 Pikeman
34:15 Squires
34:00 Gambesons
34:01 Arson
36:01 Forging
35:53 Scale Mail Armor
35:47 Double-Bit Axe
35:46 Horse Collar
43:05 Heavy Plow
ReBeL_PuMa
4:18 Loom
11:37 Feudal Age
17:28 Castle Age
15:26 Double-Bit Axe
16:21 Gold Mining
16:56 Horse Collar
17:56 Scale Barding Armor
18:06 Bloodlines
17:53 Town Watch
18:49 Wheelbarrow
20:40 Husbandry
21:43 Bow Saw
23:13 Chain Barding Armor
26:04 Forging
28:35 Iron Casting
28:19 Heavy Plow
30:04 Stone Mining
31:44 Town Watch
34:29 Imperial Age
33:53 Scale Mail Armor
34:27 Pikeman
34:56 Gambesons
35:57 Stone Shaft Mining
36:41 Halberdier
37:43 Town Patrol
37:36 Fletching
40:30 Crop Rotation
43:47 Hand Cart
44:39 Two-Man Saw
44:02 Chain Mail Armor
43:33 Treadmill Crane
50:10 Conscription
54:11 Squires
58:05 Plate Mail Armor
65:49 Caravan
72:28 Bodkin Arrow
72:33 Padded Archer Armor
72:39 Elite Skirmisher
73:25 Bracer
73:40 Leather Archer Armor
75:15 Ballistics
75:56 Chemistry
75:07 Masonry
74:53 Murder Holes
79:59 Blast Furnace
79:30 Ring Archer Armor
Connection lost

Rejoining the realm…

Still unreachable

The connection could not be restored.

Session expired

The server has moved on; the page needs a fresh start.